 Dungeon Crawl Stone Soup version 0.25.1-1-g288607f (webtiles) character file.

Game seed: 16136527700225304277

351532 smop the Executioner (level 21, -7/218 HPs)
             Began as a Minotaur Berserker on Sept 5, 2020.
             Was a High Priest of Trog.
             Killed from afar by a servant of whispers (24 damage)
             ... with a bolt of lightning
             ... in the Desolation of Salt.
             The game lasted 01:50:34 (54829 turns).

smop the Executioner (Minotaur Berserker)          Turns: 54829, Time: 01:50:35

Health: -7/218     AC: 27    Str: 34    XL:     21   Next: 29%
Magic:  0/8        EV: 11    Int:  4    God:    Trog [*****.]
Gold:   3018       SH:  0    Dex: 24    Spells: 20/20 levels left

rFire    + . .     SeeInvis +   z - +5 war axe (antimagic)
rCold    . . .     Gourm    .   s - +0 kite shield {reflect}
rNeg     . . .     Faith    .   J - +1 plate armour {rF+}
rPois    +         Spirit   +   v - +1 hat
rElec    .         Reflect  +   R - +1 cloak {MR+}
rCorr    .         Harm     .   H - +0 pair of gloves of Dishonour {*Drain rPois Dex+8}
MR       ++++.     Clarity  +   (no boots)
Stlth    ..........             Y - amulet of guardian spirit
HPRegen  1.46/turn              D - ring of see invisible
MPRegen  0.11/turn              S - +6 ring of dexterity

@: confused, very slightly contaminated, regenerating (expiring)
A: retaliatory headbutt, horns 2, talons 1, rugged brown scales 1, clarity,
strong 1
}: 2/15 runes: serpentine, barnacled
a: Berserk, Trog's Hand, Brothers in Arms, Renounce Religion


You were in the Desolation of Salt.
You worshipped Trog.
Trog was extremely pleased with you.
You were not hungry.

You visited 8 branches of the dungeon, and saw 37 of its levels.
You also visited: Sewer, Gauntlet, Ice Cave, Volcano and Desolation.

You collected 4117 gold pieces.
You spent 1099 gold pieces at shops.

Inventory:

Hand Weapons
 a - a +9 war axe of flaming
 b - a +4 flail of draining
 z - a +5 antimagic war axe (weapon)
 U - a +0 vorpal executioner's axe
Armour
 s - a +0 kite shield of reflection (worn)
 v - a +1 hat (worn)
 C - a +1 cloak of fire resistance
 H - the +0 pair of gloves of Dishonour (worn) {*Drain rPois Dex+8}
   (You took it off Nikola on level 3 of the Snake Pit)

   It affects your dexterity (+8).
   It protects you from poison.
   It causes draining when unequipped.
 J - a +1 plate armour of fire resistance (worn)
 R - a +1 cloak of magic resistance (worn)
Jewellery
 d - a +6 ring of strength
 x - an uncursed ring of positive energy
 D - a ring of see invisible (left hand)
 G - an uncursed amulet of the acrobat
 S - a +6 ring of dexterity (right hand)
 Y - an amulet of guardian spirit (around neck)
Wands
 E - a wand of acid (23)
 P - a wand of disintegration (10)
 W - a wand of iceblast (28)
Scrolls
 c - 5 scrolls of enchant weapon
 f - 17 scrolls of teleportation
 h - 16 scrolls of remove curse
 i - 4 scrolls of magic mapping
 j - 3 scrolls of identify
 o - 4 scrolls of immolation
 p - 5 scrolls of fog
 u - 3 scrolls of brand weapon
 w - 9 scrolls of enchant armour
 y - 5 scrolls of fear
 B - 4 scrolls of blinking
 V - a scroll of silence
 X - 2 scrolls of summoning
Potions
 e - 6 potions of lignification
 g - 3 potions of invisibility
 k - 13 potions of curing
 m - 3 potions of ambrosia
 n - 5 potions of haste
 q - 2 potions of cancellation
 t - 4 potions of berserk rage
 I - 8 potions of might
 K - 3 potions of heal wounds
 L - 3 potions of mutation
 M - 2 potions of resistance
 N - 8 potions of flight
Miscellaneous
 l - a tin of tremorstones (3/3)
 A - a phial of floods
 F - a lightning rod (4/4)
 O - 2 boxes of beasts
 Q - a phial of floods
 T - a phial of floods
Comestibles
 r - 32 rations


   Skills:
 + Level 23.4 Fighting
   Level 0.5 Long Blades
 + Level 25.0 Axes
 + Level 21.8 Armour
 - Level 2.2 Dodging
 - Level 15.0 Shields
 - Level 8.0 Evocations


You had 20 spell levels left.
You didn't know any spells.
Your spell library contained the following spells:

 Spells                   Type           Power        Failure   Level  Hunger
 Animate Skeleton         Necr           N/A          88%         1    ##.....
 Apportation              Tloc           #.....       88%         1    ##.....
 Corona                   Hex            #......      88%         1    ##.....
 Freeze                   Ice            #...         88%         1    ##.....
 Sandblast                Erth           #.....       88%         1    ##.....
 Summon Small Mammal      Summ           #...         88%         1    ##.....
 Blink                    Tloc           N/A          95%         2    ###....
 Ensorcelled Hibernation  Hex/Ice        #.....       95%         2    ###....
 Passwall                 Tmut/Erth      #.......     95%         2    ###....
 Poisonous Vapours        Pois/Air       #.....       95%         2    ###....
 Shroud of Golubria       Chrm/Tloc      #.....       95%         2    ###....
 Slow                     Hex            #.......     95%         2    ###....
 Sticks to Snakes         Tmut           #.......     95%         2    ###....
 Confusing Touch          Hex            #.......     99%         3    ####...
 Dazzling Flash           Conj/Hex       #.....       99%         3    ####...
 Frozen Ramparts          Ice            #.....       99%         3    ####...
 Gell's Gravitas          Tloc           #.........   99%         3    ####...
 Ignite Poison            Fire/Tmut/Pois #.......     99%         3    ####...
 Inner Flame              Hex/Fire       #.......     99%         3    ####...
 Lesser Beckoning         Tloc           #.........   99%         3    ####...
 Mephitic Cloud           Conj/Pois/Air  #.......     99%         3    ####...
 Ozocubu's Armour         Chrm/Ice       #.......     99%         3    ####...
 Portal Projectile        Hex/Tloc       #.....       99%         3    ####...
 Spectral Weapon          Hex/Chrm       #.......     99%         3    ####...
 Spider Form              Tmut/Pois      #.........   99%         3    ####...
 Stone Arrow              Conj/Erth      #.....       99%         3    ####...
 Teleport Other           Tloc           #.......     99%         3    ####...
 Tukima's Dance           Hex            #.......     99%         3    ####...
 Cause Fear               Hex            #.........   100%        4    #####..
 Hailstorm                Conj/Ice       #.......     100%        4    #####..
 Leda's Liquefaction      Hex/Erth       #.........   100%        4    #####..
 Passage of Golubria      Tloc           N/A          100%        4    #####..
 Petrify                  Tmut/Erth      #.......     100%        4    #####..
 Summon Ice Beast         Ice/Summ       #.......     100%        4    #####..
 Excruciating Wounds      Chrm/Necr      #.........   100%        5    ######.
 Irradiate                Conj/Tmut      #.........   100%        5    ######.
 Lee's Rapid Deconstruct  Erth           #.........   100%        5    ######.
 Metabolic Englaciation   Hex/Ice        #.........   100%        5    ######.
 Yara's Violent Unravell  Hex/Tmut       #.........   100%        5    ######.
 Eringya's Noxious Bog    Tmut/Pois      #.........   100%        6    #######
 Hydra Form               Tmut           #.........   100%        6    #######
 Statue Form              Tmut/Erth      #........    100%        6    #######
 Dragon Form              Tmut           #.........   100%        7    #######


Dungeon Overview and Level Annotations

Branches:
Dungeon (15/15)            Temple (1/1) D:7            Lair (6/6) D:10
 Shoals (4/4) Lair:2        Snake (4/4) Lair:3        Slime (0/5) Lair:5
    Orc (2/2) D:10            Elf (1/3) Orc:2        Vaults (4/5) D:14
  Crypt (0/3) Vaults:2     Depths (0/5) D:15          Sewer (visited)
  IceCv (visited)         Volcano (visited)         Desolation (1/1)
Gauntlet (visited)

Altars:
Ashenzari
Cheibriados
Dithmenos
Elyvilon
Fedhas
Gozag
Hepliaklqana
Kikubaaqudgha
Makhleb
Nemelex Xobeh
Okawaru
Qazlal
Ru
Sif Muna
Trog
Uskayaw
Vehumet
Wu Jian
Yredelemnul
Zin
The Shining One
Jiyva

Shops:
D:11 ?   D:12 !   Orc:2 (}:!   Elf:1 =(   Shoals:1 (   Shoals:4 (   Snake:4 ?
Vaults:1 }


Innate Abilities, Weirdness & Mutations

You reflexively headbutt those who attack you in melee.
You have a pair of horns on your head.
You have sharp toenails.
You are partially covered in rugged brown scales. (AC +1, +3% HP)
You possess an exceptional clarity of mind.
Your muscles are strong. (Str +2)


Message History

You are very lightly contaminated with residual magic.
As you read the scroll of blinking, it crumbles to dust.
A saltling comes into view.
Your ogre hits the saltling with a +0 giant club!!
The saltling is destroyed!
Trog accepts your kill. The peacekeeper bites your ogre!!
The peacekeeper claws your ogre.
The saltling moves out of view.
Okay, then.
You are confused.
You feel invigorated.
Your ogre hits the servant of whispers with a +0 giant club!
Your ogre hits the peacekeeper with a +0 giant spiked club!!
The peacekeeper hurls a volley of spikes at you.
The volley of spikes hits your ogre!!
Your ogre dies!
Your ogre's corpse disappears in a puff of smoke!
The servant of whispers calls down the wrath of its god upon you.
The bolt of lightning hits you!!
You die...

......# .......
...................
.......#.....8...........
.........................
.........................
................#........
......p88.....#.#........
.....8..8................
...8..8..8....@..........
..##pp..8................
......O.................
........p........∩.∩.....
.........................
..8......................
.......................#.
.........#...........#..
.......................


You could see a servant of whispers, 2 peacekeepers, 4 saltlings and a friendly
ogre (summoned, berserk).

Vanquished Creatures
  The ghost of wiuwiu the Warrior, a veteran HuGl of Okawaru (Vaults:1)
  Nikola (Snake:3)
  Rupert (Lair:4)
  Asterion (Vaults:2)
  2 sphinxes
  Polyphemus (Shoals:2)
  Kirke (Shoals:1)
  9 nagarajas
  Roxanne (Shoals:3)
  A shadow dragon (Vaults:4)
  Donald (Snake:3)
  A fire giant (Vaults:4)
  A deep elf sorcerer (Vaults:2)
  Aizul (Shoals:3)
  10 vault wardens
  An orc warlord (Vaults:3)
  15 ironheart preservers
  A ghoul (Vaults:4)
  10 very ugly things
  A reaper (IceCv)
  5 stone giants
  4 entropy weavers
  A minotaur (Gauntlet)
  A deep elf annihilator (Vaults:1)
  6 dire elephants (Lair:6)
  Nessos (Lair:4)
  2 ettins
  3 merfolk javelineers
  2 deep elf death magi (Vaults:2)
  5 merfolk impalers
  4 yaktaur captains
  4 fire dragons
  2 ice dragons
  Erolcha (Orc:1)
  Harold (D:9)
  3 great orbs of eyes
  7 hydras
  3 peacekeepers
  3 catoblepae
  3 merfolk avatars
  9 centaur warriors
  3 merfolk aquamancers
  15 naga warriors
  An alligator snapping turtle (Shoals:3)
  9 ogre magi
  19 anacondas
  3 dancing weapons
  2 death knights
  35 two-headed ogres
  Erica (D:9)
  A satyr (Shoals:1)
  9 death yaks
  A vampire mage (D:15)
  12 naga sharpshooters
  A queen ant (D:13)
  A tengu warrior (D:14)
  5 deep troll earth magi
  8 shock serpents
  A deep elf knight (Elf:1)
  2 unseen horrors
  6 skeletal warriors
  An iron troll (D:14)
  A shadow wraith (Vaults:4)
  8 salamander mystics
  13 deep trolls
  13 sea snakes
  2 flayed ghosts
  8 wizards
  3 deep elf archers
  23 orc knights
  4 lindwurms (Snake:4)
  8 ironbrand convokers
  4 naga ritualists
  Pikel (D:5)
  A wolf spider zombie (D:15)
  A necromancer (D:15)
  2 phantasmal warriors
  A harpy (shapeshifter) (Vaults:4)
  8 harpies
  A mana viper (shapeshifter) (Vaults:4)
  A wolf spider (Vaults:1)
  15 mana vipers
  39 ugly things
  An orb spider (shapeshifter) (Vaults:2)
  A sphinx zombie (D:15)
  A salamander (shapeshifter) (Vaults:4)
  2 orc sorcerers
  15 salamanders
  A fire giant zombie (D:15)
  14 deep elf magi
  7 fauns
  9 cyclopes
  A stone giant skeleton (D:15)
  Maurice (D:8)
  A frost giant zombie (D:15)
  18 manticores
  5 toenail golems (Volcano)
  A moth of wrath (Gauntlet)
  7 water nymphs
  12 guardian serpents
  2 ice statues (IceCv)
  15 elephants
  37 black mambas
  25 naga magi
  11 vault sentinels
  3 gargoyles
  10 merfolk sirens
  15 spiny frogs
  4 centaur skeletons
  A komodo dragon (Lair:3)
  A kobold demonologist (D:15)
  A rime drake (Lair:4)
  31 yaktaurs
  A minotaur zombie (Gauntlet)
  7 freezing wraiths
  9 ice devils (IceCv)
  A guardian mummy (D:15)
  A meliai (shapeshifter) (D:14)
  A tengu conjurer (D:14)
  A merfolk (shapeshifter) (Vaults:1)
  A queen bee (shapeshifter) (D:14)
  30 merfolk
  9 trolls
  3 hornets
  A wind drake (shapeshifter) (Vaults:2)
  2 wind drakes
  3 polar bears (Lair:2)
  Prince Ribbit (D:6)
  3 saltlings (Desolation)
  13 blink frogs
  A hippogriff (shapeshifter) (Vaults:3)
  25 slime creatures
  6 snapping turtles
  2 dream sheep (Shoals:2)
  16 hippogriffs
  A blink frog (shapeshifter) (Vaults:2)
  7 redbacks
  A spriggan (D:9)
  6 water elementals
  2 tarantellas (Vaults:4)
  A tarantella (shapeshifter) (Vaults:3)
  A vampire (D:13)
  A wyvern (D:10)
  A hog (shapeshifter) (Elf:1)
  4 wraiths
  4 yaks
  5 basilisks
  5 hogs (Shoals:1)
  A hungry ghost (D:9)
  5 vampire mosquitoes
  4 wargs
  50 nagas
  11 water moccasins
  13 soldier ants (D:13)
  7 porcupines
  A swamp drake (D:10)
  2 ice beasts
  2 sky beasts
  A slave (D:5)
  An eye of draining (D:13)
  6 black bears
  27 ogres
  5 phantoms
  49 orc warriors
  9 boggarts
  7 wolves (Lair:1)
  29 centaurs
  15 crocodiles
  3 big kobolds
  22 bullfrogs
  2 wyvern zombies (D:10)
  2 gnoll sergeants (D:6)
  A water moccasin zombie (D:8)
  A wyvern skeleton (D:14)
  4 scorpions
  4 killer bees (D:12)
  A human simulacrum (Vaults:1)
  7 wights
  An electric eel (Lair:5)
  2 howler monkeys (D:8)
  9 crimson imps
  A centaur zombie (D:10)
  A quasit (D:10)
  2 bullfrog zombies
  8 jellies
  18 orc priests
  7 hounds
  27 orc wizards
  Crazy Yiuf (D:6)
  2 iguanas
  Jessica (D:3)
  Natasha (thrice) (D:2)
  33 worker ants
  Ijyb (D:3)
  Terence (D:2)
  4 hound skeletons
  Robin (D:3)
  20 gnolls
  21 adders
  7 shadow imps
  21 white imps
  4 ufetubi (IceCv)
  An adder zombie (D:5)
  3 oozes
  3 adder skeletons
  7 worms
  A dart slug (D:3)
  8 leopard geckos
  111 orcs
  5 giant cockroaches
  10 goblins
  8 hobgoblins
  6 jackals
  3 quokkas
  9 ball pythons
  9 bats
  8 frilled lizards
  26 kobolds
  A leopard gecko skeleton (D:7)
  A leopard gecko zombie (D:7)
  A quokka skeleton (D:6)
  A quokka zombie (D:6)
  11 rats
  4 fungi
  13 plants
  A withered plant (D:15)
1592 creatures vanquished.

Vanquished Creatures (collateral kills)
  A deep elf demonologist (Vaults:1)
  A merfolk javelineer (Shoals:4)
  2 merfolk impalers (Shoals:4)
  A merfolk aquamancer (Shoals:4)
  Sonja (D:10)
  2 wizards (Volcano)
  A naga ritualist (Snake:4)
  A naga mage (Snake:4)
  2 saltlings (Desolation)
  A snapping turtle (Shoals:4)
13 creatures vanquished.

Vanquished Creatures (others)
  A naga mage (Snake:4)
  A shadow imp (Gauntlet)
  3 white imps (IceCv)
  5 ufetubi (IceCv)
  A goblin (D:3)
  9 demonic plants (Gauntlet)
  9 fungi
  6 plants
  4 withered plants
39 creatures vanquished.

Grand Total: 1644 creatures vanquished

Notes
Turn   | Place    | Note
-------+----------+-------------------------------------------
     0 | D:1      | smop the Minotaur Berserker began the quest for the Orb.
     0 | D:1      | Reached XP level 1. HP: 19/19 MP: 0/0
   288 | D:1      | Reached skill level 4 in Axes
   288 | D:1      | Reached XP level 2. HP: 27/27 MP: 1/1
   415 | D:1      | Reached ** piety under Trog
   730 | D:2      | Noticed Natasha
   735 | D:2      | Killed Natasha
   735 | D:2      | Reached XP level 3. HP: 34/34 MP: 2/2
   810 | D:2      | Noticed Terence
   821 | D:2      | Killed Terence
   821 | D:2      | Reached XP level 4. HP: 17/41 MP: 3/3
   908 | D:2      | Noticed Natasha
   920 | D:2      | Killed Natasha
   920 | D:2      | Reached skill level 5 in Axes
   949 | D:2      | Noticed Natasha
   953 | D:2      | Killed Natasha
   953 | D:2      | Reached skill level 5 in Fighting
  1198 | D:2      | Reached XP level 5. HP: 48/48 MP: 4/4
  1224 | D:2      | Found a faded altar of an unknown god.
  1581 | D:3      | Noticed Robin
  1588 | D:3      | Killed Robin
  1680 | D:3      | Noticed Ijyb
  1684 | D:3      | Noticed Jessica
  1685 | D:3      | Reached *** piety under Trog
  1692 | D:3      | Killed Jessica
  1695 | D:3      | Killed Ijyb
  1711 | D:3      | Reached XP level 6. HP: 57/57 MP: 5/5
  2278 | D:3      | Reached skill level 6 in Axes
  2484 | D:3      | Reached skill level 5 in Armour
  2620 | D:3      | Found a radiant altar of Vehumet.
  2620 | D:3      | Found a stormy altar of Qazlal.
  2812 | D:3      | Found a sparkling altar of Nemelex Xobeh.
  2813 | D:3      | Found an ornate altar of the Wu Jian Council.
  2818 | D:3      | Found a shimmering blue altar of Sif Muna.
  2909 | D:4      | Found a hazy altar of Hepliaklqana.
  2994 | D:4      | Reached XP level 7. HP: 36/63 MP: 6/6
  3242 | D:4      | Found an opulent altar of Gozag.
  3303 | D:4      | Reached **** piety under Trog
  3427 | D:4      | Found a blossoming altar of Fedhas.
  3699 | D:5      | Entered Level 5 of the Dungeon
  3793 | D:5      | Reached skill level 7 in Axes
  3980 | D:5      | Reached XP level 8. HP: 72/73 MP: 7/7
  4130 | D:5      | Noticed Pikel
  4140 | D:5      | Killed Pikel
  4140 | D:5      | Reached skill level 8 in Axes
  4382 | D:5      | Reached skill level 9 in Axes
  4684 | D:5      | Found a glowing silver altar of Zin.
  4759 | D:6      | HP: 2/74 [poisoned by a gnoll sergeant]
  5040 | D:6      | Reached XP level 9. HP: 73/81 MP: 8/8
  5216 | D:6      | Found a glowing drain.
  5222 | Sewer    | Entered a sewer
  5270 | Sewer    | Reached ***** piety under Trog
  5795 | D:6      | Reached skill level 10 in Axes
  5824 | D:6      | Found a runed translucent door.
  5827 | D:6      | Noticed Crazy Yiuf
  6112 | D:6      | Killed Crazy Yiuf
  6206 | D:6      | Noticed Prince Ribbit
  6216 | D:6      | Killed Prince Ribbit
  6380 | D:6      | Found a sacrificial altar of Ru.
  6502 | D:6      | Found a bloodstained altar of Trog.
  6794 | D:6      | Found a burning altar of Makhleb.
  6794 | D:6      | Noticed a blizzard demon
  7679 | D:7      | Reached skill level 10 in Armour
  7686 | D:7      | Reached skill level 11 in Axes
  7850 | D:7      | Found a staircase to the Ecumenical Temple.
  7867 | Temple   | Entered the Ecumenical Temple
  8173 | D:7      | Found a glowing golden altar of the Shining One.
  8305 | D:8      | Noticed Maurice
  8307 | D:8      | Paralysed by something for 7 turns
  8320 | D:8      | Killed Maurice
  8346 | D:8      | Reached XP level 10. HP: 74/91 MP: 9/9
  9450 | D:9      | Identified the Grimoire of Floating Self-Knowledge
  9454 | D:9      | Identified the cursed +1 ring mail of Hedging {MR+} (You
                  | found it on level 9 of the Dungeon)
  9470 | D:9      | Noticed a two-headed ogre
  9488 | D:9      | Killed a two-headed ogre
  9488 | D:9      | Reached skill level 12 in Axes
  9798 | D:9      | Reached skill level 10 in Fighting
 10281 | D:9      | Noticed Harold
 10297 | D:9      | Killed Harold
 10297 | D:9      | Reached skill level 13 in Axes
 10350 | D:9      | Received a gift from Trog
 10575 | D:9      | Noticed Erica
 10582 | D:9      | Killed Erica
 10582 | D:9      | Reached XP level 11. HP: 101/101 MP: 10/10
 10817 | D:10     | Entered Level 10 of the Dungeon
 11339 | D:10     | Found a staircase to the Orcish Mines.
 11631 | D:10     | Noticed Sonja
 11658 | D:10     | Killed Sonja
 12142 | D:10     | Reached skill level 14 in Axes
 12227 | D:10     | Found a staircase to the Lair.
 13070 | D:11     | Found Ginyveits's Magic Scroll Emporium.
 13196 | D:11     | Bought a scroll of fog for 30 gold pieces
 13531 | D:11     | Gained mutation: Your muscles are strong. (Str +2) [potion
                  | of mutation]
 13531 | D:11     | Gained mutation: You possess an exceptional clarity of
                  | mind. [potion of mutation]
 13531 | D:11     | Gained mutation: You are partially covered in rugged brown
                  | scales. (AC +1, +3% HP) [potion of mutation]
 13531 | D:11     | Gained mutation: You have sharp toenails. [potion of
                  | mutation]
 13683 | Orc:1    | Entered Level 1 of the Orcish Mines
 13756 | Orc:1    | Reached ****** piety under Trog
 13988 | Orc:1    | Noticed Erolcha
 14001 | Orc:1    | Killed Erolcha
 14043 | Orc:2    | Entered Level 2 of the Orcish Mines
 14086 | Orc:2    | Noticed a two-headed ogre
 14090 | Orc:2    | Noticed an ogre mage
 14090 | Orc:2    | Noticed a two-headed ogre
 14104 | Orc:1    | Killed a two-headed ogre
 14104 | Orc:1    | Reached XP level 12. HP: 46/115 MP: 11/11
 14117 | Orc:1    | Killed a two-headed ogre
 14730 | Lair:1   | Entered Level 1 of the Lair of Beasts
 14955 | Lair:1   | Found a dark tunnel.
 14966 | Volcano  | Entered a volcano
 15249 | Volcano  | Reached skill level 15 in Axes
 15249 | Volcano  | Reached skill level 15 in Armour
 15858 | Lair:1   | Noticed a five-headed hydra
 15866 | Lair:1   | Reached skill level 1 in Shields
 15886 | Lair:1   | Killed a seven-headed hydra
 16178 | Lair:1   | Noticed a four-headed hydra
 16183 | Lair:1   | Killed a four-headed hydra
 16205 | Lair:1   | Reached XP level 13. HP: 125/125 MP: 12/12
 16692 | Lair:2   | Found a staircase to the Shoals.
 18543 | Lair:3   | Found a staircase to the Snake Pit.
 19002 | Lair:4   | Noticed Nessos
 19018 | Lair:4   | Killed Nessos
 19122 | Lair:4   | Noticed Rupert
 19147 | Lair:4   | Killed Rupert
 19189 | Lair:4   | Received a gift from Trog
 19189 | Lair:4   | Reached skill level 16 in Axes
 19249 | Lair:4   | Found a gate leading to a gauntlet.
 19280 | Gauntlet | Entered a Gauntlet
 19280 | Gauntlet | Found a transporter.
 19280 | Gauntlet | Found a transporter.
 19469 | Gauntlet | Found a transporter.
 19478 | Gauntlet | Found a transporter.
 19492 | Gauntlet | Found a transporter.
 19508 | Gauntlet | Found a transporter.
 19572 | Gauntlet | Found a transporter.
 19576 | Gauntlet | Found a transporter.
 19590 | Gauntlet | Found a transporter.
 19608 | Gauntlet | Found a transporter.
 19630 | Gauntlet | Found a transporter.
 19726 | Gauntlet | Found a transporter.
 19730 | Gauntlet | Found a large runed translucent door.
 19731 | Gauntlet | Found a large runed translucent door.
 19733 | Gauntlet | Found a runed translucent gate.
 19738 | Gauntlet | Found a transporter.
 19740 | Gauntlet | Found a transporter.
 19742 | Gauntlet | Found a runed translucent gate.
 19742 | Gauntlet | Found a runed translucent gate.
 19745 | Gauntlet | Found a large runed translucent door.
 19746 | Gauntlet | Found a large runed translucent door.
 19770 | Gauntlet | Found a transporter.
 19772 | Gauntlet | Found a large runed translucent door.
 19772 | Gauntlet | Found a large runed translucent door.
 19774 | Gauntlet | Found a large runed translucent door.
 19774 | Gauntlet | Found a large runed translucent door.
 19774 | Gauntlet | Found a runed translucent door.
 19965 | Gauntlet | Found a transporter.
 20079 | Gauntlet | Identified the cursed +3 longbow "Facon" {venom, +Blink rF-
                  | MR++ SInv}
 20079 | Gauntlet | Noticed a minotaur
 20082 | Gauntlet | Identified Woeckefa's Reference Book on Good Luck and
                  | Intoxication
 20096 | Gauntlet | Killed a minotaur
 20670 | Lair:5   | Found a viscous altar of Jiyva.
 20670 | Lair:5   | Found a staircase to the Slime Pits.
 21016 | Lair:5   | Reached XP level 14. HP: 136/136 MP: 13/13
 21276 | Lair:5   | You fall into a shaft and drop 1 floor!
 21276 | Lair:6   | Entered Level 6 of the Lair of Beasts
 21466 | Lair:6   | Reached skill level 15 in Fighting
 22195 | Lair:6   | Reached skill level 1 in Evocations
 22210 | Lair:6   | Received a gift from Trog
 23778 | Lair:6   | Reached skill level 17 in Axes
 24555 | D:12     | Found Esmuater's Distillery.
 24576 | D:12     | Bought a potion of mutation for 96 gold pieces
 24624 | D:12     | Found a frozen archway.
 24636 | IceCv    | Entered an ice cave
 25043 | IceCv    | Noticed a reaper
 25055 | IceCv    | Killed a reaper
 25431 | D:12     | Reached skill level 5 in Shields
 25494 | D:12     | Received a gift from Trog
 26170 | D:13     | Reached XP level 15. HP: 147/147 MP: 15/17
 26425 | D:13     | Received a gift from Trog
 26442 | D:13     | Reached skill level 18 in Axes
 27311 | D:14     | Received a gift from Trog
 27315 | D:14     | Reached skill level 5 in Evocations
 28357 | D:14     | Found a gate to the Vaults.
 28673 | D:15     | Entered Level 15 of the Dungeon
 28695 | D:15     | Found a staircase to the Depths.
 29296 | Orc:2    | Found Tuuxag's Book Shoppe.
 29296 | Orc:2    | Found Wocrag's Gadget Shop.
 29317 | Orc:2    | Found Erem's Antique Weapon Boutique.
 29318 | Orc:2    | Found Yzoro's Distillery.
 29604 | Orc:2    | Bought a wand of iceblast (7) for 154 gold pieces
 29611 | Orc:2    | Bought a potion of heal wounds for 90 gold pieces
 29814 | Orc:2    | Found a staircase to the Elven Halls.
 30566 | Snake:1  | Entered Level 1 of the Snake Pit
 31007 | Snake:1  | Reached XP level 16. HP: 158/158 MP: 19/19
 31166 | Snake:1  | Reached skill level 19 in Axes
 31572 | Snake:1  | Received a gift from Trog
 34453 | Snake:2  | Identified a scroll of acquirement
 34453 | Snake:2  | Acquired a manual of Axes
 34736 | Snake:3  | Noticed Donald
 34753 | Snake:3  | Killed Donald
 34870 | Snake:3  | Received a gift from Trog
 34880 | Snake:3  | Identified the +5 short sword of Atsonkiwk {vorpal, *Slow
                  | rElec Str+2 Dex+3} (Trog gifted it to you on level 3 of the
                  | Snake Pit)
 35284 | Snake:3  | Identified the +0 pair of gloves of Dishonour {*Drain rPois
                  | Dex+8}
 35284 | Snake:3  | Noticed Nikola
 35298 | Snake:3  | Killed Nikola
 35699 | Snake:3  | Reached XP level 17. HP: 136/169 MP: 17/21
 36235 | Snake:4  | Entered Level 4 of the Snake Pit
 36339 | Snake:4  | Reached skill level 20 in Axes
 37116 | Snake:4  | Reached skill level 10 in Shields
 37118 | Snake:4  | Received a gift from Trog
 37599 | Snake:4  | Found Woymimnu's Magic Scroll Emporium.
 37798 | Snake:4  | Bought a scroll of enchant weapon for 135 gold pieces
 37798 | Snake:4  | Bought a scroll of enchant weapon for 135 gold pieces
 37798 | Snake:4  | Bought a scroll of blinking for 135 gold pieces
 37798 | Snake:4  | Bought a scroll of teleportation for 54 gold pieces
 37798 | Snake:4  | Bought a scroll of teleportation for 54 gold pieces
 38603 | Snake:4  | Received a gift from Trog
 38778 | Snake:4  | Reached skill level 21 in Axes
 39197 | Snake:4  | Got a serpentine rune of Zot
 39227 | Snake:4  | Reached XP level 18. HP: 174/181 MP: 23/23
 39585 | Vaults:1 | Entered Level 1 of the Vaults
 39618 | Vaults:1 | Noticed a Brimstone Fiend
 39890 | Shoals:1 | Entered Level 1 of the Shoals
 40189 | Shoals:1 | Noticed Kirke
 40202 | Shoals:1 | Killed Kirke
 40342 | Shoals:1 | Found Labiof's Antique Weapon Shoppe.
 40817 | Shoals:1 | Found a runed translucent door.
 40861 | Shoals:1 | Received a gift from Trog
 41683 | Shoals:2 | Noticed Polyphemus
 41702 | Shoals:2 | Killed Polyphemus
 42208 | Shoals:3 | Identified Roxanne's Incunabulum of Transmutation
 42208 | Shoals:3 | Noticed Roxanne
 42981 | Shoals:3 | Reached skill level 22 in Axes
 43391 | Shoals:3 | Killed Roxanne
 43407 | Shoals:3 | Noticed Aizul
 43427 | Shoals:3 | Killed Aizul
 43885 | Shoals:4 | Entered Level 4 of the Shoals
 44857 | Shoals:4 | Found Raribboi's Antique Weapon Shop.
 45237 | Shoals:4 | Got a barnacled rune of Zot
 45817 | D:15     | Received a gift from Trog
 45899 | D:15     | Reached XP level 19. HP: 190/190 MP: 24/24
 46746 | Vaults:1 | Received a gift from Trog
 47095 | Vaults:1 | Found the +3 giant club "Skullcrusher" {speed, Str+7}
 47095 | Vaults:1 | Noticed wiuwiu's ghost (veteran HuGl)
 47100 | Vaults:1 | Found a runed translucent gate.
 47100 | Vaults:1 | Found a runed translucent gate.
 47100 | Vaults:1 | Found a runed translucent gate.
 47170 | Vaults:1 | Reached skill level 15 in Shields
 47276 | Vaults:1 | Reached skill level 23 in Axes
 47687 | Vaults:1 | Found Doutochi's Gadget Shop.
 47705 | Vaults:1 | Bought a wand of iceblast (14) for 216 gold pieces
 48454 | Vaults:1 | Received a gift from Trog
 48728 | Vaults:1 | Killed wiuwiu's ghost
 49351 | Vaults:2 | Reached XP level 20. HP: 191/203 MP: 23/25
 49393 | Vaults:2 | Identified the +2 pair of gloves of Darkness {rElec MP-9
                  | Int+2 Dex+9} (You found it on level 2 of the Vaults)
 49883 | Vaults:2 | Received a gift from Trog
 50509 | Vaults:2 | Reached skill level 24 in Axes
 50586 | Vaults:2 | Noticed Asterion
 50598 | Vaults:2 | Killed Asterion
 50884 | Vaults:2 | Found a staircase to the Crypt.
 50884 | Vaults:2 | Found an ancient bone altar of Kikubaaqudgha.
 50885 | Vaults:2 | Found a basalt altar of Yredelemnul.
 51169 | Vaults:3 | Received a gift from Trog
 51375 | Vaults:3 | Identified the cursed +0 long sword of Dismemberment
                  | {chaos, rElec MR- Int+3 SInv} (You found it on level 3 of
                  | the Vaults)
 53127 | Vaults:4 | Received a gift from Trog
 53296 | Vaults:4 | Reached XP level 21. HP: 216/216 MP: 26/26
 54613 | Elf:1    | Entered Level 1 of the Elven Halls
 54626 | Elf:1    | Found Urphotwu's Weapon Shop.
 54681 | Elf:1    | Found Arypeppo's Jewellery Shop.
 54684 | Elf:1    | Reached skill level 25 in Axes
 54783 | Elf:1    | Found a ruined gateway.
 54800 | Desolati | Entered the Desolation of Salt
 54829 | Desolati | Killed from afar by a servant of whispers

Illustrated notes

Levels and vault maps discovered:
D:1:      enne_arrival_octagon_isle, layout_basic, kennysheep_decorative_pillar
D:2:      layout_rooms, chequers_ecumenical_altar_island, first_ration,
          uniq_natasha, uniq_terence
D:3:      layout_loops_ring, nicolae_overflow_hidden_temple, minitemple,
          amethyst_overflow_temple_binary, uniq_robin, uniq_jessica, uniq_ijyb
D:4:      layout_basic, nicolae_overflow_crystal_walls, grunt_gozag_statues,
          fedhas_altar_4
D:5:      layout_gridville, kennysheep_mini, uniq_pikel
D:6:      layout_loops_corners, makhleb_altar_promises_db,
          lemuel_coloured_pillars_altar, portal_sewer_entry_e,
          nicolae_ru_great_annihilating_truth, uniq_prince_ribbit1,
          uniq_crazy_yiuf_cottage
D:7:      layout_basic, tso_altar, minmay_temple_entry_offerings
D:8:      layout_loops_ring, uniq_maurice
D:9:      layout_roguey, the_bakery, uniq_harold, uniq_erica
D:10:     layout_roguey, david_lair_generic, erik_orc_1, uniq_sonja
D:11:     layout_irregular_city, serial_shops, shop
D:12:     layout_stronghold, portal_ice_cave_entry_imps, serial_shops, shop
D:13:     layout_long_grid, minmay_another_anthill
D:14:     layout_basic, david_vaults_4, infiniplex_staircase_zigzag_3
D:15:     gammafunk_depths_entry_grave, layout_basic, minmay_misc_feat_plants
Temple:   cyrus_temple_forest
Lair:1:   layout_cave_pods, nicolae_volcano_entry_two_sided
Lair:2:   beast_lair_carwin_large_2, layout_gridlike,
          minmay_shoals_entry_centaurs, chequers_serial_rivers_small_3
Lair:3:   layout_cave_pods, dummy_snake_entry, grunt_megastairs_3
Lair:4:   layout_roguey, gauntlet_entry_generic, grunt_megastairs_1,
          uniq_nessos, uniq_rupert
Lair:5:   layout_cave_pods, slime_altar_1, lemuel_fruit_fields,
          serial_bayou_shore_a, infiniplex_staircase_pool
Lair:6:   due_jungle_book, layout_regular_city, grunt_megastairs_4,
          serial_bayou_shore_b
Shoals:1: layout_shoals, serial_shops, nicolae_shop_overgrown_old_shop,
          lightli_airlock, uniq_kirke
Shoals:2: layout_shoals, uniq_polyphemus
Shoals:3: layout_shoals, uniq_aizul, uniq_roxanne
Shoals:4: shoals_end_simple, layout_shoals, serial_shops, nicolae_shop_trees
Snake:1:  layout_honeycomb
Snake:2:  cheibrodos_snake_ritualist_ritual, layout_grid_shapes,
          grunt_megastairs_2
Snake:3:  layout_rooms, hangedman_corner_corridor, uniq_donald, uniq_nikola
Snake:4:  snake_pit_salamanders_mu, layout_basic, serial_shops, shop
Orc:1:    layout_caves, uniq_erolcha
Orc:2:    st_orc_rangers, layout_caves, special_room
Elf:1:    layout_loops_cross, serial_shops, shop_fountains,
          nicolae_shop_waterfront, nicolae_shop_crystal, shop,
          nicolae_shop_competitors_out_of_business,
          portal_desolation_entry_twin_temple, hangedman_elf_disciples
Vaults:1: gammafunk_vaults_ghost_split, ontoclasm_vaults_misaligned,
          hangedman_vaults_corner_blocks, v_misc_9,
          nicolae_vaults_three_branches, vaults_dpeg_spiral,
          vaults_standard_mumra_x, nicolae_vaults_circle_grid_b,
          dpeg_vaults_monster_row, ontoclasm_vaults_loading_screen,
          nicolae_vaults_little_squares_5, vaults_room_stairs_pillars,
          layout_vaults_maze_snakey, serial_shops, shop
Vaults:2: ontoclasm_vaults_loading_screen,
          nicolae_vaults_windows_and_doors_thing, ontoclasm_vaults_misaligned,
          nicolae_vaults_rhombus_7, nicolae_vaults_network_star, v_misc_2,
          hangedman_vaults_stitches, minmay_crypt_entry_necro_gods,
          nicolae_vaults_c_with_doors, nicolae_vaults_network_periphery,
          ontoclasm_vaults_hangar, hangedman_vaults_trim,
          nicolae_vaults_little_squares_6, ontoclasm_vaults_idyll,
          hangedman_vaults_stretched_pinwheel, layout_vaults_omnibox,
          uniq_asterion
Vaults:3: grunt_vaults_bifocal, v_misc_33, vaults_room_door_ring, v_misc_3,
          hangedman_vaults_corner_blocks, nicolae_vaults_asterisk,
          special_room_vaults [special_room_orc], hangedman_vaults_cutoff,
          layout_vaults_big_room
Vaults:4: ontoclasm_vaults_echo, v_alt_pattern_4, vaults_room_corners,
          v_misc_17, nicolae_vaults_circle_grid_a, ontoclasm_vaults_tryst,
          grunt_vaults_swirl, nicolae_vaults_network_barrier, vaults_dpeg_cross,
          hangedman_vaults_capsules, ontoclasm_vaults_gateway, v_pattern_5,
          vaults_dpeg_hooks, ontoclasm_vaults_eye, layout_vaults_ring
Desolation

Skill      XL: |  1  2  3  4  5  6  7  8  9 10 11 12 13 14 15 16 17 18 19 20 21 |
---------------+----------------------------------------------------------------+-----
Axes           | 4 5 6 7 9 11 13 14 15 16 17 18 19 21 22 23 24 25 | 25.0
Fighting       | 4 5 6 7 8 9 10 11 13 14 15 16 18 19 20 21 22 23 | 23.4
Armour         | 3 4 5 7 8 10 12 13 15 17 18 19 20 21 | 21.8
Shields        | 2 4 5 6 9 11 14 15 | 15.0
Evocations     | 4 6 7 8 |  8.0
Long Blades    | |  0.5
Dodging        | |  2.2

Action                   |  1- 3 |  4- 6 |  7- 9 | 10-12 | 13-15 | 16-18 | 19-21 || total
-------------------------+-------+-------+-------+-------+-------+-------+-------++-------
Melee: Hand axe          |    60 |    32 |   335 |   747 |   381 |     2 |       ||  1557
       Headbutt          |     9 |    18 |    59 |   160 |   315 |   377 |   290 ||  1228
       Flail             |       |   102 |       |     7 |    27 |    16 |       ||   152
       Kick              |       |       |       |   100 |   508 |   550 |   475 ||  1633
       Triple sword      |       |       |       |     9 |       |       |       ||     9
       Battleaxe         |       |       |       |       |    10 |       |    97 ||   107
       Broad axe         |       |       |       |       |   580 |   407 |       ||   987
       War axe           |       |       |       |       |       |   687 |   909 ||  1596
Invok: Trog's Hand       |       |     1 |     3 |    12 |    16 |    21 |    15 ||    68
       Berserk           |       |       |     2 |       |     9 |     5 |     4 ||    20
       Brothers in Arms  |       |       |       |     2 |       |     3 |     3 ||     8
Evoke: Phial of floods   |       |       |       |       |     1 |       |       ||     1
       Wand              |       |       |       |       |       |     4 |       ||     4
  Use: Potion            |       |       |     2 |     5 |     1 |       |     1 ||     9
       Scroll            |       |       |     7 |    19 |    16 |    16 |     9 ||    67
 Stab: Paralysed         |       |       |     1 |       |       |       |       ||     1
       Petrifying        |       |       |       |       |     2 |       |       ||     2
       Petrified         |       |       |       |       |     2 |       |       ||     2
  Eat: Chunk             |       |     7 |    17 |    24 |    24 |    26 |    31 ||   129
       Ration            |       |       |     1 |     3 |    12 |     9 |     3 ||    28
Armor: Chain mail        |    44 |    72 |   139 |       |       |       |       ||   255
       Plate armour      |       |       |    16 |   362 |   468 |   405 |   287 ||  1538
       Ring mail         |       |       |       |       |     1 |    97 |       ||    98
Dodge: Dodged            |    35 |    85 |   141 |   271 |   431 |   328 |   197 ||  1488
Block: Buckler           |       |       |       |     8 |   198 |    51 |       ||   257
       Kite shield       |       |       |       |       |       |   636 |   514 ||  1150
       Reflection        |       |       |       |       |       |    81 |    72 ||   153
       Rpst.: Triple sword |       |       |       |     1 |       |       |       ||     1
